 Dungeon Crawl Stone Soup version 0.30-a0-1161-g0704695555 (webtiles) character file.

Game seed: 7010443720626320389

1258 NateTC the Digger (level 8, 0/41 HPs)
             Began as a Deep Elf Earth Elementalist on Apr 28, 2023.
             Slain by Duvessa
             ... wielding a +0 short sword
              (11 damage)
             ... on level 5 of the Dungeon.
             The game lasted 00:27:08 (4957 turns).

NateTC the Digger (Deep Elf Earth Elementalist)     Turns: 4957, Time: 00:27:08

Health: 0/41       AC:  8    Str:  5    XL:     8   Next: 27%
Magic:  14/19      EV: 13    Int: 23    God:
Gold:   201        SH:  0    Dex: 15    Spells: 15/19 levels left

rFire   . . .        r - staff of earth
rCold   . . .        (no shield)
rNeg    . . .        a - +0 robe
rPois   .            (no helmet)
rElec   .            (no cloak)
rCorr   .            o - +0 pair of gloves
SInv    .            f - +0 pair of boots
Will    .....        (no amulet)
Stlth   ++           c - +4 ring of protection
HPRegen 0.26/turn    (no ring)
MPRegen 0.16/turn

%: no passive effects
@: about to teleport
A: no striking features
a: no special abilities


You were on level 5 of the Dungeon.
You visited 1 branch of the dungeon, and saw 5 of its levels.
You also visited: Sewer.

You collected 201 gold pieces.

Inventory:

Missiles
 v - 2 throwing nets
Armour
 a - a +0 robe (worn)
 f - a +0 pair of boots (worn)
 o - a +0 pair of gloves (worn)
Magical Staves
 r - a staff of earth (weapon)
Jewellery
 c - a +4 ring of protection (left hand)
 h - a ring of ice
 k - a +4 ring of slaying
 y - a ring of magical power
Wands
 g - a wand of flame (19)
 s - a wand of iceblast (8)
Scrolls
 d - 3 scrolls of immolation
 e - 5 scrolls of teleportation
 l - a scroll of noise
 m - a scroll of fear
 p - a scroll of magic mapping
 w - a scroll of identify
Potions
 b - a potion of magic
 i - 4 potions of curing
 j - a potion of might
 n - 2 potions of haste
 q - a potion of berserk rage {unknown}
 t - a potion of degeneration {unknown}
 u - a potion of lignification {unknown}


   Skills:
 * Level 4.1 Dodging
 - Level 2.4 Stealth
 - Level 6.1 Spellcasting
 - Level 6.1 Conjurations
 - Level 1.1 Transmutations
 - Level 7.1 Earth Magic
 * Level 2.7 Evocations


You had 15 spell levels left.
You knew the following spells:

 Your Spells              Type           Power      Damage    Failure   Level
a - Sandblast             Erth           100%       2d20      1%          1
b - Stone Arrow           Conj/Erth      100%       3d13      1%          3

Your spell library contained the following spells:

 Spells                   Type           Power      Damage    Failure   Level
 Passwall                 Tmut/Erth      32%        N/A       2%          2
 Apportation              Tloc           14%        N/A       9%          1
 Necrotise                Necr           28%        1d5       9%          1
 Summon Small Mammal      Summ           28%        N/A       9%          1
 Petrify                  Tmut/Erth      39%        N/A       16%         4
 Frozen Ramparts          Ice            14%        1d3       26%         3
 Vampiric Draining        Necr           7%         2d6       26%         3
 Ice Form                 Ice/Tmut       9%         N/A       56%         4
 Summon Ice Beast         Ice/Summ       7%         N/A       63%         4
 Agony                    Necr           7%         N/A       93%         5


Dungeon Overview and Level Annotations

Branches:
Dungeon (5/15) Zot: 25344   Sewer (visited)
 Temple: D:4-7

Altars:
Fedhas
Hepliaklqana
The Shining One

Annotations:
D:4 3 runed translucent doors, BlasphemerAmon's ghost, weakling TeDe; Orangeyouglad's ghost, amateur HuMo; iamoutofideas's ghost, amateur HOMo; rinse's ghost, novice KoDe
D:5 Duvessa


Message History

w - a scroll of identify You see here a +0 dire flail.
Found a runed hand axe.
You see here a +1 hand axe of electrocution.
You see here a black bear skeleton.
You see here a +0 pair of boots.
Things that are here:
a +0 leather armour; a +1 heavy dire flail; the human skeleton of Edmund An iguana comes into view.
The iguana hisses angrily.
You feel a surge of power!
The stone arrow hits the iguana!
The iguana is severely wounded.
You feel a surge of power!
The stone arrow hits the iguana!!
You kill the iguana!
You start resting.
Magic restored.
There is a stone staircase leading down here.
Duvessa, Sister of Dowan comes into view.
She is wielding a +0 short sword.
You feel a surge of power!
The stone arrow hits Duvessa!
Duvessa is moderately wounded.
Duvessa shouts!
You hear a shout!
Dowan, Brother of Duvessa comes into view.
He is wielding a +0 dagger and wearing a +0 robe of positive energy.
You feel a surge of power!
The stone arrow misses Duvessa.
The stone arrow hits Dowan!!
You kill Dowan!
Duvessa screams, "No!
How DARE you!"
Duvessa goes berserk!
Your Dodging skill increases to level 4!
Duvessa hits you with a +0 short sword! Duvessa attacks as you move away!
Duvessa hits you with a +0 short sword. Duvessa attacks as you move away!
Duvessa hits you with a +0 short sword! Duvessa hits you with a +0 short sword.
* * * LOW HITPOINT WARNING * * *
You can't see any enemies this would affect, really read the scroll of fear?
Okay, then.
Okay, then.
Okay, then.
As you read the scroll of teleportation, it crumbles to dust.
You feel strangely unstable. Duvessa hits you with a +0 short sword!
You die...

############ ## ...........#
.# .#########.# #)####
.#########.# .....
...........# ...#
...........# ###...#.##
...♣♣.♣♣...# ####.........
...♣#'#♣...# #.@e.#..##.##
...♣#_#♣##.# #.####..#
...♣### #.# #># ..#
...♣♣♣♣♣##.# #.# ..#
........'..# #.# ..#
........#### #.# ..#
........#######.# ..#
.##'####........####..#
....#<.'..............##.#☼##


You could see Duvessa (berserk).

Vanquished Creatures
  Edmund (D:5)
  A black bear (D:5)
  An ogre (D:5)
  A phantom (D:5)
  A kobold brigand (Sewer)
  Dowan (D:5)
  4 wights (D:4)
  2 hounds (D:4)
  A jelly (D:4)
  A sleepcap (D:5)
  2 iguanas (D:5)
  A gnoll bouda (D:4)
  11 gnolls (D:4)
  12 adders
  6 river rats
  3 worms
  3 dart slugs
  An orc (D:4)
  4 ball pythons
  6 bats
  11 endoplasms
  5 giant cockroaches
  2 hobgoblins
  A jackal (Sewer)
  6 frilled lizards
  4 goblins
  15 kobolds
  10 rats
117 creatures vanquished.

Vanquished Creatures (others)
  12 plants
12 creatures vanquished.

Grand Total: 129 creatures vanquished

Notes
Turn   | Place    | Note
-------+----------+-------------------------------------------
     0 | D:1      | NateTC the Deep Elf Earth Elementalist began the quest for
                  | the Orb.
     0 | D:1      | Reached XP level 1. HP: 10/10 MP: 6/6
   108 | D:1      | Found a faded altar of an unknown god.
   191 | D:1      | Reached skill level 1 in Conjurations
   191 | D:1      | Reached XP level 2. HP: 15/15 MP: 5/8
   612 | D:1      | Identified a scroll of acquirement
   612 | D:1      | Acquired 484 gold pieces
   719 | D:2      | Reached XP level 3. HP: 19/19 MP: 5/9
   723 | D:2      | Learned a level 3 spell: Stone Arrow
   922 | D:2      | Reached skill level 4 in Earth Magic
  1119 | D:2      | Reached XP level 4. HP: 24/24 MP: 9/11
  1704 | D:3      | Found a glowing drain.
  1712 | Sewer    | Entered a sewer
  1756 | Sewer    | Reached XP level 5. HP: 28/28 MP: 10/13
  1996 | Sewer    | Reached skill level 5 in Earth Magic
  2188 | Sewer    | Reached XP level 6. HP: 32/32 MP: 11/14
  2946 | D:3      | You fall into a shaft and drop 2 floors!
  2946 | D:5      | Entered Level 5 of the Dungeon
  3039 | D:5      | Reached skill level 5 in Spellcasting
  3093 | D:5      | Noticed Edmund
  3107 | D:5      | Reached skill level 6 in Earth Magic
  3112 | D:5      | Reached skill level 5 in Conjurations
  3112 | D:5      | Reached XP level 7. HP: 24/36 MP: 10/17
  3160 | D:5      | Found a hazy altar of Hepliaklqana.
  3221 | D:5      | Killed Edmund
  3824 | D:4      | Found a glowing golden altar of the Shining One.
  3876 | D:4      | Found a runed translucent gate.
  3876 | D:4      | Found a runed translucent gate.
  3876 | D:4      | Found a runed translucent gate.
  3876 | D:4      | Noticed iamoutofideas's ghost (amateur HOMo)
  3889 | D:4      | Noticed Orangeyouglad's ghost (amateur HuMo)
  3889 | D:4      | Noticed BlasphemerAmon's ghost (weakling TeDe)
  3889 | D:4      | Noticed rinse's ghost (novice KoDe)
  3960 | D:4      | Reached skill level 7 in Earth Magic
  4113 | D:4      | Reached XP level 8. HP: 41/41 MP: 17/19
  4177 | D:4      | Reached skill level 1 in Evocations
  4570 | D:4      | Found a blossoming altar of Fedhas.
  4951 | D:5      | Noticed Duvessa
  4952 | D:5      | Noticed Dowan
  4953 | D:5      | Killed Dowan
  4957 | D:5      | Slain by Duvessa

Illustrated notes

Levels and vault maps discovered:
D:1:      dpeg_arrival_fog, layout_loops_ring,
          hellmonk_ecumenical_altar_pennies_from_heaven
D:2:      cheibrodos_old_hovel, layout_loops_ring, st_stairs_11,
          minmay_misc_feat_iff
D:3:      layout_loops_ring, lightli_sewer_entry_pipes, minivault_26
D:4:      layout_basic, marbit_many_paths, nicolae_tso_swordbearing_angel,
          gammafunk_ghost_cemetery
D:5:      lemuel_ice_spiral_2, layout_basic, kennysheep_mini_moat, uniq_edmund,
          uniq_menkaure, uniq_duvessa, uniq_sigmund, uniq_ijyb

Skill      XL: |  1  2  3  4  5  6  7  8 |
---------------+-------------------------+-----
Conjurations   | 1 2 3 5 6 |  6.1
Earth Magic    | 4 5 6 7 |  7.1
Spellcasting   | 4 5 6 |  6.1
Evocations     | 2 |  2.7
Dodging        | 4 |  4.1
Stealth        | |  2.4
Transmutations | |  1.1

Action                     |  1- 3 |  4- 6 |  7- 9 || total
---------------------------+-------+-------+-------++-------
  Melee: Unarmed           |     3 |     6 |       ||     9
   Cast: Sandblast         |    44 |    93 |    25 ||   162
         Stone Arrow       |       |       |    20 ||    20
    Use: Scroll            |     6 |     3 |     7 ||    16
 Armour: Robe              |     7 |    21 |     2 ||    30
  Dodge: Dodged            |    13 |    32 |     2 ||    47

Table legend: (Time is in decaauts)
 A = Elapsed time spent in this place.
 B = Non-inter-level travel time spent in this place.
 C = Inter-level travel time spent in this place.
 D = Time resting spent in this place.
 E = Time spent auto-exploring this place.
 F = Levels seen in this place.
 G = Mean time per level.
                   A        B        C        D        E       F      G
               +--------+--------+--------+--------+--------+-----+--------+
         Total |   5224 |   5132 |     92 |   1028 |   1859 |   6 |  870.7 |
       Dungeon |   4275 |   4183 |     92 |    801 |   1493 |   5 |  855.0 |
         Sewer |    948 |    948 |      0 |    227 |    366 |   1 |  948.0 |
               +--------+--------+--------+--------+--------+-----+--------+

Top non-repeatable levels by time:
     D:4: 1246 daAuts
     D:3: 996 daAuts
   Sewer: 948 daAuts
     D:2: 835 daAuts
     D:1: 639 daAuts
     D:5: 558 daAuts
